 Dungeon Sprint DCSS version 0.27-a0-1359-ga2a4dfd6fd (webtiles) character file.

Game seed: 17144001867955451016

17418 mhtbhm the Sorcerer (level 12, -15/59 HPs)
             Began as a Deep Elf Earth Elementalist on June 28, 2021.
             Was the Champion of Vehumet.
             Killed from afar by Arachne (33 damage)
             ... with a bolt of poison
             ... in the Dungeon (Sprint VII: "The Pits").
             The game lasted 00:07:48 (2916 turns).

mhtbhm the Sorcerer (Deep Elf Earth Elementalist)   Turns: 2916, Time: 00:07:50

Health: -15/59     AC:  5    Str:  5    XL:     12   Next: 18%
Magic:  40/43      EV: 14    Int: 32    God:    Vehumet [******]
Gold:   41         SH:  0    Dex: 15    Spells: 41/62 levels left

rFire    . . .     SeeInvis .   l - +2 trident (protect)
rCold    . . .     Faith    .   (no shield)
rNeg     . . .     Spirit   .   b - +2 robe {Will+}
rPois    .         Reflect  .   (no helmet)
rElec    .         Harm     .   m - +0 cloak
rCorr    .         Rampage  .   (no gloves)
Will     ++...     NoTele   +   (no boots)
Stlth    +++.......             (no amulet)
HPRegen  0.19/turn              n - +3 ring of intelligence
MPRegen  0.28/turn              o - +3 ring of intelligence

@: lethally poisoned (-15 -> -37)
A: no striking features
a: Renounce Religion


You were in the Dungeon.
You worshipped Vehumet.
Vehumet was exalted by your worship.
You visited 1 branch You collected 41 gold pieces.

Inventory:

Hand Weapons
 l - a +2 trident of protection (weapon)
Missiles
 i - 33 stones
Armour
 b - a +2 robe of willpower (worn)
 m - a +0 cloak (worn)
Jewellery
 n - a +3 ring of intelligence (left hand)
 o - a +3 ring of intelligence (right hand)
 t - a ring of protection from cold
 u - a ring of protection from fire
Wands
 s - a wand of acid (11)
Scrolls
 h - 3 scrolls of blinking
 j - 5 scrolls of amnesia
 r - 2 scrolls of identify
 v - a scroll of fog
 w - 2 scrolls of fear
 x - 4 scrolls of enchant armour
Potions
 a - 2 potions of invisibility
 c - 9 potions of curing
 d - 13 potions of heal wounds
 e - 5 potions of haste
 f - 4 potions of magic
 g - 5 potions of berserk rage
 p - 2 potions of might
 q - 2 potions of mutation


   Skills:
 + Level 4.5 Dodging
 + Level 6.7 Stealth
 + Level 25.6 Spellcasting
 + Level 3.8 Conjurations
 + Level 1.3 Transmutations
 + Level 21.0 Earth Magic


You had 41 spell levels left.
You knew the following spells:

 Your Spells              Type           Power      Damage    Failure   Level
a - Sandblast             Erth           100%       2d20      0%          1
b - Passwall              Tmut/Erth      70%        N/A       0%          2
c - Stone Arrow           Conj/Erth      100%       3d13      0%          3
d - Lee's Rapid Deconstr  Erth           54%        3d26*     0%          5
e - Petrify               Tmut/Erth      85%        N/A       1%          4
f - Iron Shot             Conj/Erth      44%        9d9       1%          6

Your spell library contained the following spells:

 Spells                   Type           Power      Damage    Failure   Level
 Lightning Bolt           Conj/Air       26%        1d42      2%          5


Dungeon Overview and Level Annotations

Branches:
Dungeon (1/1)

Altars:
Ashenzari
Cheibriados
Dithmenos
Elyvilon
Fedhas
Gozag
Hepliaklqana
Kikubaaqudgha
Makhleb
Nemelex Xobeh
Okawaru
Qazlal
Ru
Sif Muna
Trog
Uskayaw
Vehumet
Wu Jian
Xom
Yredelemnul
Zin
The Shining One
Beogh
Jiyva
Lugonu

Annotations:
D Arachne


Message History

Arachne the Weaver comes into view.
She is wielding a staff of poison.
Arachne is engulfed in freezing vapours.
Arachne shouts!
Unknown command.
Casting: Lee's Rapid Deconstruction (safe; 0% risk of failure)
Confirm with . or Enter, or press ? or * to list all spells.
Aiming: Lee's Rapid Deconstruction (safe; 0% risk of failure)
Press: ? - help, Dir - move target A metal wall.
This square is lit by a halo.
Okay, then.
Casting: Lee's Rapid Deconstruction (safe; 0% risk of failure)
Confirm with . or Enter, or press ? or * to list all spells.
Aiming: Petrify (safe; 1% risk of failure)
Press: ? - help, Shift-Dir - straight line, f - Arachne
Aim: Arachne, wielding a staff of poison (lightly wounded, haloed, chance to affect: 53%) Arachne is moving more slowly.
You hear an angry hiss.
Arachne's staff shoots out a stream of webbing.
The stream of webbing misses you.
The war gargoyle is engulfed in freezing vapours.
A spriggan druid comes into view.
It is wielding a +1 spectral quarterstaff.
You hear an angry hiss.
Unknown command.
A wind drake comes into view.
Unknown command.
Arachne casts a spell at you. The bolt of poison hits you!!
You are poisoned.
* * * LOW HITPOINT WARNING * * *
A war gargoyle opens the door.
Found a +3 spear.
Unknown command.
You feel better. The wind drake flaps its wings at you.
The air twists around and strikes you!
Arachne stares at you and mumbles some strange words.
The bolt of poison hits you!!
You are lethally poisoned!
Ouch! That really hurt!
You die...

###########..#....#..#
.........''..........#
.........''..........#
#######..##..#....#..#
#..##..........+ #..##..........+
#..####''####''#
#..####''####''############
#..##..kH.@##.........)....
#######..##.#X##i##).....(..).)))
...... #.#° '.##..############
...... # +.9#.##..# ######
#")'.##..# ########## +) #.##..#
.....##..# ## #.##..# .....##..#
..##..# .....''..# #..#


You could see Arachne (petrifying), a wind drake (repels missiles), a war
gargoyle, a large abomination and a spriggan druid.

Vanquished Creatures
  Saint Roka (D)
  A minotaur (D)
  Josephine (D)
  A shadow wraith (D)
  2 bog bodies (D)
  3 flayed ghosts (D)
  Pikel (D)
  A necromancer (D)
  An ugly thing (D)
  A cyclops (D)
  An elephant (D)
  A molten gargoyle (D)
  A black mamba (D)
  A gargoyle (D)
  An unseen horror (D)
  An orange demon (D)
  2 efreet (D)
  A hellwing (D)
  A komodo dragon (D)
  A jumping spider (D)
  A merfolk (D)
  2 tyrant leeches (D)
  A meliai (shapeshifter) (D)
  4 dream sheep (D)
  Sigmund (D)
  A flying skull (D)
  4 wraiths (D)
  A fire bat (D)
  5 yaks (D)
  A neqoxec (D)
  2 water moccasins (D)
  4 orc warriors (D)
  A sky beast (D)
  2 ice beasts (D)
  A gnoll sergeant (D)
  A bullfrog (D)
  2 small abominations (D)
  A hound (D)
  2 orc priests (D)
  Crazy Yiuf (D)
  A gnoll shaman (D)
  2 orc wizards (D)
  7 gnolls (D)
  An adder (D)
  A river rat (D)
  An ufetubus (D)
  An adder skeleton (D)
  An adder zombie (D)
  4 orcs (D)
  2 ball pythons (D)
  A bat (D)
  A bat skeleton (D)
  2 bat zombies (D)
  An endoplasm (D)
  A giant cockroach (D)
  3 goblins (D)
  A hobgoblin (D)
  2 kobolds (D)
  A quokka (D)
  A ball python simulacrum (D)
  A ball python skeleton (D)
  A frilled lizard (D)
  A jackal simulacrum (D)
  2 rats (D)
102 creatures vanquished.

Vanquished Creatures (collateral kills)
  3 orcs (D)
3 creatures vanquished.

Vanquished Creatures (others)
  A ball python simulacrum (D)
1 creature vanquished.

Grand Total: 106 creatures vanquished

Notes
Turn   | Place    | Note
-------+----------+-------------------------------------------
     0 | D        | mhtbhm the Deep Elf Earth Elementalist began the quest for
                  | the Orb.
     0 | D        | Reached XP level 1. HP: 10/10 MP: 6/6
    12 | D        | Noticed a fire bat
    33 | D        | Found a bloodstained altar of Trog.
    33 | D        | Found a shimmering blue altar of Sif Muna.
    33 | D        | Found a viscous altar of Jiyva.
    33 | D        | Found a hazy altar of Hepliaklqana.
    33 | D        | Found an opulent altar of Gozag.
    34 | D        | Found a glowing golden altar of the Shining One.
    34 | D        | Found a glowing silver altar of Zin.
    34 | D        | Found a basalt altar of Yredelemnul.
    34 | D        | Found a shimmering altar of Xom.
    34 | D        | Found an ornate altar of the Wu Jian Council.
    34 | D        | Found a sacrificial altar of Ru.
    34 | D        | Found a stormy altar of Qazlal.
    34 | D        | Found an iron altar of Okawaru.
    34 | D        | Found a sparkling altar of Nemelex Xobeh.
    34 | D        | Found a burning altar of Makhleb.
    34 | D        | Found a blossoming altar of Fedhas.
    34 | D        | Found a white marble altar of Elyvilon.
    34 | D        | Found a shadowy altar of Dithmenos.
    34 | D        | Found a snail-covered altar of Cheibriados.
    36 | D        | Found a radiant altar of Vehumet.
    36 | D        | Found a corrupted altar of Lugonu.
    37 | D        | Found a hide-covered altar of Uskayaw.
    37 | D        | Found an ancient bone altar of Kikubaaqudgha.
    37 | D        | Found a broken altar of Ashenzari.
    44 | D        | Became a worshipper of Vehumet
    99 | D        | Reached * piety under Vehumet
    99 | D        | Offered knowledge of Foxfire by Vehumet.
   100 | D        | Reached skill level 4 in Spellcasting
   106 | D        | Reached XP level 2. HP: 10/15 MP: 1/9
   194 | D        | Learned a level 2 spell: Passwall
   207 | D        | Reached skill level 5 in Earth Magic
   219 | D        | Reached ** piety under Vehumet
   220 | D        | Reached skill level 5 in Spellcasting
   259 | D        | Offered knowledge of Static Discharge by Vehumet.
   260 | D        | Reached XP level 3. HP: 19/19 MP: 10/12
   264 | D        | Learned a level 3 spell: Stone Arrow
   321 | D        | Noticed an ice beast
   364 | D        | Killed an ice beast
   364 | D        | Reached *** piety under Vehumet
   365 | D        | Reached skill level 8 in Spellcasting
   365 | D        | Reached XP level 4. HP: 24/24 MP: 5/16
   444 | D        | Offered knowledge of Conjure Flame by Vehumet.
   444 | D        | Noticed an ice beast
   468 | D        | Noticed Crazy Yiuf
   477 | D        | Killed an ice beast
   478 | D        | Reached skill level 10 in Spellcasting
   478 | D        | Reached XP level 5. HP: 28/28 MP: 11/19
   532 | D        | Learned a level 5 spell: Lee's Rapid Deconstruction
   537 | D        | Learned a level 4 spell: Petrify
   543 | D        | Killed Crazy Yiuf
   543 | D        | Reached **** piety under Vehumet
   544 | D        | Reached skill level 1 in Conjurations
   572 | D        | Noticed Pikel
   574 | D        | Killed Pikel
   575 | D        | Reached skill level 5 in Stealth
   575 | D        | Reached skill level 14 in Spellcasting
   575 | D        | Reached XP level 6. HP: 32/32 MP: 10/25
   575 | D        | Reached XP level 7. HP: 36/36 MP: 10/26
   657 | D        | Offered knowledge of Olgreb's Toxic Radiance by Vehumet.
   689 | D        | Noticed a flying skull
   691 | D        | Killed a flying skull
   691 | D        | Reached ***** piety under Vehumet
   692 | D        | Reached skill level 15 in Spellcasting
   692 | D        | Reached XP level 8. HP: 41/41 MP: 21/29
   732 | D        | Noticed a dream sheep
   732 | D        | Noticed Josephine
   733 | D        | Noticed a dream sheep
   733 | D        | Noticed a dream sheep
   734 | D        | Noticed a dream sheep
   736 | D        | Killed a dream sheep
   737 | D        | Killed Josephine
   738 | D        | Reached skill level 17 in Spellcasting
   738 | D        | Reached XP level 9. HP: 45/45 MP: 20/32
   738 | D        | Reached ****** piety under Vehumet
   738 | D        | Killed Sigmund
   739 | D        | Reached skill level 18 in Spellcasting
   739 | D        | Reached skill level 15 in Earth Magic
   740 | D        | Reached skill level 19 in Spellcasting
   932 | D        | Noticed a yaktaur
   968 | D        | Noticed a komodo dragon
   970 | D        | Noticed a merfolk
   971 | D        | Killed a komodo dragon
   971 | D        | Offered knowledge of Ignite Poison by Vehumet.
   973 | D        | Killed a merfolk
  1043 | D        | Noticed a minotaur
  1071 | D        | Killed a minotaur
  1072 | D        | Reached skill level 20 in Spellcasting
  1072 | D        | Reached XP level 10. HP: 45/50 MP: 16/36
  1198 | D        | Noticed a flayed ghost
  1200 | D        | Killed a flayed ghost
  1200 | D        | Offered knowledge of Starburst by Vehumet.
  1250 | D        | Reached skill level 21 in Spellcasting
  1260 | D        | Killed a shadow wraith
  1474 | D        | Noticed a white ugly thing
  1478 | D        | Offered knowledge of Spellforged Servitor by Vehumet.
  1483 | D        | Killed a white ugly thing
  1484 | D        | Reached skill level 22 in Spellcasting
  1593 | D        | Reached XP level 11. HP: 54/54 MP: 30/39
  1601 | D        | Noticed a bog body
  1602 | D        | Killed a bog body
  1771 | D        | Noticed a flayed ghost
  1774 | D        | Killed a flayed ghost
  1806 | D        | Noticed a flayed ghost
  1806 | D        | Killed a flayed ghost
  1806 | D        | Offered knowledge of Freezing Cloud by Vehumet.
  1807 | D        | Reached skill level 23 in Spellcasting
  1981 | D        | Noticed a bog body
  1983 | D        | Killed a bog body
  2122 | D        | Offered knowledge of Iron Shot by Vehumet.
  2123 | D        | Reached skill level 24 in Spellcasting
  2401 | D        | Learned a level 6 spell: Iron Shot
  2458 | D        | Noticed a necromancer
  2461 | D        | Killed a necromancer
  2463 | D        | Offered knowledge of Ozocubu's Refrigeration by Vehumet.
  2489 | D        | Noticed Saint Roka
  2557 | D        | Killed Saint Roka
  2558 | D        | Reached skill level 25 in Spellcasting
  2558 | D        | Reached XP level 12. HP: 32/59 MP: 13/43
  2714 | D        | Offered knowledge of Lightning Bolt by Vehumet.
  2911 | D        | Noticed a war gargoyle
  2911 | D        | Noticed a daeva
  2912 | D        | Noticed Arachne
  2916 | D        | Killed from afar by Arachne

Illustrated notes

Levels and vault maps discovered:
D:        pitsprint [storerooms_1, entrance_room_1, metal_vault_3, armoury_2,
          mini_pit_1, grid_room_1, main_hall_1, silver_pit, the_coven_3,
          the_vestibule_1, steel_vault_4, golden_pit, hallway_of_sentries,
          crystal_vault_1, iron_vault_5, final_vault]

Skill      XL: |  1  2  3  4  5  6  7  8  9 10 11 |
---------------+----------------------------------+-----
Stealth        | 3 4 5 6 |  6.7
Spellcasting   | 4 5 8 10 14 15 17 20 22 25 | 25.6
Earth Magic    | 4 5 8 9 11 12 14 16 18 21 | 21.0
Dodging        | 3 4 |  4.5
Conjurations   | 2 3 |  3.8
Transmutations | |  1.3

Action                   |  1- 3 |  4- 6 |  7- 9 | 10-12 || total
-------------------------+-------+-------+-------+-------++-------
Melee: Trident           |     1 |       |       |       ||     1
 Cast: Sandblast         |    22 |     1 |       |     6 ||    29
       Stone Arrow       |     1 |     3 |       |     2 ||     6
       Lee's Rapid Decon |       |     3 |    17 |    69 ||    89
       Petrify           |       |       |       |     2 ||     2
  Use: Scroll            |       |       |       |     1 ||     1
       Potion            |       |       |       |     2 ||     2
Armor: Robe              |     3 |       |       |     4 ||     7
Dodge: Dodged            |     7 |     1 |     2 |     7 ||    17

Table legend: (Time is in decaauts)
 A = Elapsed time spent in this place.
 B = Non-inter-level travel time spent in this place.
 C = Inter-level travel time spent in this place.
 D = Time resting spent in this place.
 E = Time spent auto-exploring this place.
 F = Levels seen in this place.
 G = Mean time per level.
                   A        B        C        D        E       F      G
               +--------+--------+--------+--------+--------+-----+--------+
         Total |   2923 |   2923 |      0 |   1828 |    122 |   1 | 2923.0 |
       Dungeon |   2923 |   2923 |      0 |   1828 |    122 |   1 | 2923.0 |
               +--------+--------+--------+--------+--------+-----+--------+

Top non-repeatable levels by time:
       D: 2923 daAuts
